 Dungeon Crawl Stone Soup version 0.28.0-43-g3370ac3207 (webtiles) character file.

Game seed: 6073878092973900209

1535 Jerry the Ruffian (level 8, -2/70 HPs)
             Began as a Troll Hunter on Mar 7, 2022.
             Was an Initiate of Gozag.
             Slain by a vampire mosquito (6 damage)
             ... on level 6 of the Dungeon on Mar 8, 2022.
             The game lasted 00:19:43 (5553 turns).

Jerry the Ruffian (Troll Hunter)                    Turns: 5553, Time: 00:19:43

Health: -2/70      AC:  7    Str: 23    XL:     8   Next: 55%
Magic:  7/7        EV: 10    Int:  7    God:    Gozag
Gold:   659        SH:  0    Dex: 10    Spells: 7/7 levels left

rFire   . . .      SeeInvis .     - Unarmed
rCold   + + .      Faith    .   (no shield)
rNeg    . . .      Spirit   .   s - +2 robe {rC+}
rPois   +          Reflect  .   (helmet restricted)
rElec   .          Harm     .   u - +0 cloak
rCorr   .          Rampage  .   (gloves unavailable)
Will    .....                   (boots unavailable)
Stlth   ++........              (no amulet)
HPRegen 1.01/turn               a - ring of poison resistance
MPRegen 0.10/turn               b - ring of protection from cold

@: mighty, gold aura
A: large, unfitting armour, claws 3, regeneration 1, shaggy fur 1, tough skin 1
a: Renounce Religion, Potion Petition, Call Merchant, Bribe Branch


You were on level 6 of the Dungeon.
You worshipped Gozag.
Gozag was pleased with you.
You visited 1 branch of the dungeon, and saw 7 of its levels.

You collected 695 gold pieces.
You paid 36 gold pieces to Gozag.

Inventory:

Hand Weapons
 e - a +2 dagger of venom
Missiles
 c - 5 large rocks (quivered)
 d - 2 throwing nets
Armour
 s - a +2 robe of cold resistance (worn)
 u - a +0 cloak (worn)
Jewellery
 a - a ring of poison resistance (left claw)
 b - a ring of protection from cold (right claw)
 t - a ring of positive energy
Wands
 n - a wand of iceblast (5)
 r - a wand of digging (4)
Scrolls
 f - a scroll of identify
 j - a scroll of teleportation
Potions
 g - 2 potions of curing
 h - 3 potions of mutation
 i - 3 potions of brilliance {unknown}
 k - a potion of heal wounds {unknown}
 l - a potion of flight {unknown}
 m - a potion of lignification {unknown}
 o - a potion of haste {unknown}
 p - a potion of invisibility {unknown}


   Skills:
 - Level 1.5 Fighting
 + Level 5.8 Throwing
 + Level 4.3 Dodging
 + Level 3.0 Stealth
 * Level 6.2 Unarmed Combat


You had 7 spell levels left.
You didn't know any spells.
Your spell library contained the following spells:

 Spells                   Type           Power      Damage    Failure   Level
 Apportation              Tloc           0%         N/A       43%         1
 Sandblast                Erth           0%         2d4       43%         1
 Sting                    Tmut/Pois      0%         1d3       43%         1
 Passwall                 Tmut/Erth      0%         N/A       56%         2
 Poisonous Vapours        Pois/Air       0%         N/A       56%         2
 Stone Arrow              Conj/Erth      0%         3d7       80%         3
 Olgreb's Toxic Radiance  Pois           0%         N/A       99%         4
 Alistair's Intoxication  Tmut/Pois      0%         N/A       100%        5
 Ozocubu's Refrigeration  Ice            0%         4d5       100%        7
 Ignition                 Fire           0%         3d3       100%        8


Dungeon Overview and Level Annotations

Branches:
Dungeon (7/15)
 Temple: D:4-7

Altars:
Gozag
Makhleb
Wu Jian


Innate Abilities, Weirdness & Mutations

You are too large for most types of armour.
You have claws for hands.
Your natural rate of healing is unusually fast.
You are covered in fur. (AC +1)
You have tough skin. (AC +1)


Message History

The vampire mosquito draws strength from your injuries!
You completely miss the vampire mosquito.
The vampire mosquito is moderately damaged.
The vampire mosquito closely misses you. x2
You barely miss the vampire mosquito.
The vampire mosquito is moderately damaged.
The vampire mosquito bites you but does no damage.
The vampire mosquito bites you!
The vampire mosquito draws strength from your injuries!
You closely miss the vampire mosquito.
The vampire mosquito is lightly damaged.
The vampire mosquito bites you.
* * * LOW HITPOINT WARNING * * *
The vampire mosquito draws strength from your injuries!
You scratch the vampire mosquito. You claw the vampire mosquito!
The vampire mosquito is severely damaged.
The vampire mosquito misses you. The vampire mosquito bites you!
* * * LOW HITPOINT WARNING * * *
The vampire mosquito draws strength from your injuries!
You completely miss the vampire mosquito.
The vampire mosquito is heavily damaged.
The vampire mosquito bites you.
* * * LOW HITPOINT WARNING * * *
The vampire mosquito draws strength from your injuries!
The vampire mosquito bites you.
* * * LOW HITPOINT WARNING * * *
The vampire mosquito draws strength from your injuries!
You feel very mighty all of a sudden. The vampire mosquito bites you.
* * * LOW HITPOINT WARNING * * *
The vampire mosquito draws strength from your injuries!
The vampire mosquito barely misses you.
You miss the vampire mosquito.
The vampire mosquito is lightly damaged.
The vampire mosquito closely misses you.
You barely miss the vampire mosquito.
The vampire mosquito is lightly damaged.
The vampire mosquito bites you.
You die...
Your body crumbles into a pile of gold.

#.......####.###...####.# #.#
#...............<.......# #.#
####.......................# #.#
#.##.....).........(.......# #.#
##.##...................#######.#
....####..............>.#.......#
....# #........y.......#.#######
....# #...#####y###.>..#.# #...
##'#####...# #@# ####.#.# #...
...[.....#.#####.######.#.####..#
##.#####.#.#............#........
#.###########...........#####...
#.##...#.8.#............+.......
#.##.8.....##...........###.#...
#.##...#...#...#'###............
#.###.###.##...........#........
#.##|..#...#...........#.##.####


You could see 2 vampire mosquitoes.

Vanquished Creatures
  A vampire (D:6)
  A vampire mosquito (D:6)
  A water moccasin (D:3)
  2 ogres (D:5)
  An orc warrior (D:6)
  A necrophage (D:5)
  A centaur (D:5)
  2 bullfrogs
  A scorpion (D:4)
  A water moccasin zombie (D:3)
  A water moccasin skeleton (D:4)
  A jelly (D:5)
  A bullfrog skeleton (D:5)
  2 hounds (D:6)
  4 orc wizards
  A hound zombie (D:5)
  7 gnolls
  4 adders
  An ufetubus (D:5)
  2 dart slugs
  8 orcs
  4 ball pythons
  7 endoplasms
  5 giant cockroaches
  3 goblins
  6 hobgoblins
  4 jackals (D:5)
  9 quokkas
  6 bats
  6 frilled lizards
  8 kobolds
  3 rats
105 creatures vanquished.

Vanquished Creatures (others)
  2 plants (D:1)
2 creatures vanquished.

Grand Total: 107 creatures vanquished

Notes
Turn   | Place    | Note
-------+----------+-------------------------------------------
     0 | D:1      | Jerry the Troll Hunter began the quest for the Orb.
     0 | D:1      | Reached XP level 1. HP: 19/19 MP: 0/0
   109 | D:1      | Reached XP level 2. HP: 27/27 MP: 1/1
   369 | D:1      | Reached skill level 1 in Unarmed Combat
   544 | D:1      | Reached XP level 3. HP: 33/33 MP: 2/2
   562 | D:1      | Reached skill level 1 in Stealth
   910 | D:2      | Reached XP level 4. HP: 34/41 MP: 3/3
  1907 | D:3      | Reached skill level 2 in Unarmed Combat
  1907 | D:3      | Reached XP level 5. HP: 41/48 MP: 4/4
  1961 | D:3      | Noticed a water moccasin
  1965 | D:3      | Killed a water moccasin
  2125 | D:3      | Found a large runed translucent door.
  2129 | D:3      | Found a large runed translucent door.
  2140 | D:3      | Found a burning altar of Makhleb.
  2152 | D:3      | Found an opulent altar of Gozag.
  2158 | D:3      | Became a worshipper of Gozag Ym Sagoz the Greedy
  2316 | D:3      | Reached XP level 6. HP: 14/55 MP: 5/5
  2466 | D:3      | Found a faded altar of an unknown god.
  2941 | D:4      | Reached skill level 3 in Unarmed Combat
  3246 | D:4      | Reached XP level 7. HP: 54/62 MP: 6/6
  3751 | D:5      | Entered Level 5 of the Dungeon
  3799 | D:5      | Reached skill level 5 in Throwing
  3799 | D:5      | Reached skill level 4 in Unarmed Combat
  4341 | D:5      | Reached skill level 5 in Unarmed Combat
  4359 | D:5      | Reached XP level 8. HP: 55/70 MP: 7/7
  5158 | D:6      | Found an ornate altar of the Wu Jian Council.
  5449 | D:5      | Noticed a rust devil
  5449 | D:5      | Noticed a rust devil
  5544 | D:6      | Reached skill level 6 in Unarmed Combat
  5551 | D:6      | HP: 2/70 [vampire mosquito (4)]
  5553 | D:6      | Slain by a vampire mosquito

Illustrated notes

Levels and vault maps discovered:
D:1:      tarquinn_simple_flora_water_b, layout_loops_ring, serial_bayou_ford_a,
          minmay_pentomino_v2
D:2:      layout_basic
D:3:      layout_rooms, jmf_multi_god_temple2,
          shapermc_ecumenical_altar_mp_vishouse, minmay_bisected
D:4:      layout_basic, portal_sewer_entry_a
D:5:      cheibrodos_iron_armory, layout_basic
D:6:      layout_basic, nicolae_wu_jian_immortal_techniques
D:7:      layout_rooms, minmay_temple_entry_wispy, serial_shops, shop,
          sigmund_edmund_badplayer

Skill      XL: |  1  2  3  4  5  6  7  8 |
---------------+-------------------------+-----
Unarmed Combat | 1 2 3 5 6 |  6.2
Dodging        | 2 3 4 |  4.3
Stealth        | 1 2 3 |  3.0
Throwing       | 4 5 |  5.8
Fighting       | |  1.5

Action                   |  1- 3 |  4- 6 |  7- 9 || total
-------------------------+-------+-------+-------++-------
Melee: Unarmed           |    92 |   166 |   143 ||   401
       Punch             |       |     3 |     5 ||     8
Throw: Large rock        |       |     1 |     4 ||     5
  Use: Scroll            |       |       |     8 ||     8
       Potion            |       |       |     1 ||     1
 Stab: Sleeping          |     3 |       |     3 ||     6
Armor: Robe              |    28 |    45 |    45 ||   118
Dodge: Dodged            |    54 |    61 |    71 ||   186
